AoeStats
← PolloPolloPolla

Arabia

503117555Analyzed
1v1 RM · 1mo ago on Aug 30, 2026· 54m 45s· 2 players
Game mode
Random Map
Map size
Tiny (2 player)
Population
200
Speed
Normal
Resources
Standard
Victory
Conquest
Starting age
Dark Age
Ending age
Imperial Age
RankedLock teamsTeams togetherTeam positionsShared explorationLock speedFull tech treeHidden civsTurbo modeCheats
Victory
Defeat
🇪🇸 Cumans · Spain
997
+17
🇹🇷 Mongols · Türkiye
1010
-17
PolloPolloPolla
8:15 Loom
10:01 Feudal Age
13:57 Double-Bit Axe
13:55 Horse Collar
22:17 Wheelbarrow
24:29 Castle Age
22:26 Gold Mining
23:16 Stone Mining
24:23 Fletching
25:21 Heavy Plow
25:33 Bow Saw
28:05 Fervor
29:00 Bodkin Arrow
29:06 Padded Archer Armor
31:24 Ballistics
31:34 Leather Archer Armor
31:26 Thumb Ring
32:58 Hand Cart
32:29 Town Watch
34:15 Gold Shaft Mining
34:30 Elite Skirmisher
39:35 Imperial Age
36:31 Capped Ram
41:09 Conscription
42:11 Two-Man Saw
42:08 Ring Archer Armor
44:05 Parthian Tactics
43:01 Heavy Cavalry Archer
44:47 Hoardings
45:53 Chemistry
45:04 Masonry
44:50 Murder Holes
45:13 Squires
44:59 Arson
46:43 Pikeman
47:24 Scale Mail Armor
47:36 Forging
48:32 Halberdier
default
3:27 Loom
9:55 Feudal Age
16:01 Wheelbarrow
17:12 Scale Barding Armor
21:32 Double-Bit Axe
24:27 Castle Age
23:23 Gold Mining
23:54 Fletching
24:45 Padded Archer Armor
25:34 Thumb Ring
25:18 Horse Collar
26:33 Crossbowman
31:52 Light Cavalry
32:40 Town Watch
34:25 Ballistics
38:26 Imperial Age
38:41 Elite Steppe Lancer
39:22 Husbandry
41:34 Hand Cart
41:20 Town Patrol
42:02 Elite Skirmisher
55:06 Conscription
Connection lost

Rejoining the realm…

Still unreachable

The connection could not be restored.

Session expired

The server has moved on; the page needs a fresh start.